 Dungeon Crawl Stone Soup version 0.25-a0-167-g836c352 (webtiles) character file.

Game seed: 471056230050746908, levelgen mode: deterministic

53 Atlas the Firebug (level 3, -1/30 HPs)
             Began as a Naga Fire Elementalist on Nov 22, 2019.
             Slain by an adder (2 damage)
             ... on level 2 of the Dungeon on Nov 25, 2019.
             The game lasted 00:03:52 (1519 turns).

Atlas the Firebug (Naga Fire Elementalist)          Turns: 1519, Time: 00:03:53

Health: -1/30      AC:  2    Str: 10    XL:     3   Next: 87%
Magic:  6/6        EV: 10    Int: 16    God:
Gold:   119        SH:  0    Dex: 11    Spells: 0/6 levels left

rFire    . . .     SeeInvis +   (no weapon)
rCold    . . .     Gourm    .   (no shield)
rNeg     . . .     Faith    .   a - +0 robe
rPois    +         Spirit   .   (no helmet)
rElec    .         Reflect  .   (no cloak)
rCorr    .         Harm     .   (no gloves)
MR       .....                  (no barding)
Stlth    ++........             (no amulet)
HPRegen  0.10/turn              (no ring)
MPRegen  0.10/turn              (no ring)

@: lethally poisoned (-1 -> -1), very slow
A: large, see invisible, deformed body, poison resistance, slowness 2, slow
metabolism 1, spit poison 1, AC +1
a: Spit Poison


You were on level 2 of the Dungeon.
You were not hungry.

You visited 1 branch of the dungeon, and saw 2 of its levels.

You collected 119 gold pieces.

Inventory:

Armour
 a - a +0 robe (worn)
Scrolls
 b - a scroll of teleportation {unknown}
 e - 2 scrolls of identify {unknown}
 f - a scroll of immolation {unknown}
 g - 3 scrolls of enchant armour {unknown}
Potions
 h - 2 potions of might {unknown}
 i - a potion of curing {unknown}
 j - a potion of invisibility {unknown}
Comestibles
 c - 2 rations


   Skills:
 + Level 0.7 Fighting
 + Level 2.2 Dodging
 + Level 3.3 Stealth
 + Level 0.1 Unarmed Combat
 + Level 2.3 Spellcasting
 + Level 1.1 Conjurations
 + Level 3.5 Fire Magic


You couldn't memorise any spells.
You knew the following spells:

 Your Spells              Type           Power        Failure   Level  Hunger
a - Flame Tongue          Conj/Fire      #....        8%          1    #......
b - Throw Flame           Conj/Fire      #.....       12%         2    ###....
c - Conjure Flame         Conj/Fire      #.......     22%         3    ###....

Your spell library contained the following spells:

 Spells                   Type           Power        Failure   Level  Hunger
 Inner Flame              Hex/Fire       #.......     28%         3    ###....
 Sticky Flame             Conj/Fire      #.......     58%         4    #####..
 Fireball                 Conj/Fire      #.........   91%         5    ######.


Dungeon Overview and Level Annotations

Branches:
Dungeon (2/15)

Altars:


Innate Abilities, Weirdness & Mutations

You cannot wear boots.
Your serpentine skin is tough. (AC +1)
You have supernaturally acute eyesight. (SInv)
Armour fits poorly on your strangely shaped body.
Your system is resistant to poisons. (rPois)
You cover ground very slowly.
You have a slow metabolism.
You can spit poison.


Message History

You hit the adder but do no damage.
The adder is heavily wounded.
You feel sick. The adder bites you.
* * * LOW HITPOINT WARNING * * *
The adder barely misses you.
You closely miss the adder.
The adder is heavily wounded.
The adder closely misses you.
You closely miss the adder.
The adder is heavily wounded.
The adder barely misses you.
You hit the adder but do no damage.
The adder is heavily wounded.
The adder closely misses you. The adder bites you.
* * * LOW HITPOINT WARNING * * *
You closely miss the adder.
The adder is heavily wounded.
* * * LOW HITPOINT WARNING * * *
You feel sick. The adder bites you.
You die...

#.####.#.#
#.....#..#
#..#.#
####..#..#
#.##.#
#.....#
#....#
#.#...#
##..###
##.###..
#...#
#........
#..##
..#.###..
#..# .##.#
### #.@#
.# #.#####
#......S.#
## #.>....
#.......?#
######
#........#
#........#
#........#
#........#
#........#


You could see an adder.

Vanquished Creatures
  2 oozes
  2 dart slugs (D:1)
  A leopard gecko (D:1)
  A giant cockroach (D:1)
  7 goblins
  8 hobgoblins
  5 bats
  3 frilled lizards (D:1)
  4 kobolds
  4 rats (D:1)
37 creatures vanquished.

Notes
Turn   | Place    | Note
-------+----------+-------------------------------------------
     0 | D:1      | Atlas the Naga Fire Elementalist began the quest for the
                  | Orb.
     0 | D:1      | Reached XP level 1. HP: 15/15 MP: 3/3
   303 | D:1      | Reached XP level 2. HP: 17/24 MP: 1/5
   822 | D:1      | Reached XP level 3. HP: 30/30 MP: 4/6
   830 | D:1      | Learned a level 2 spell: Throw Flame
   834 | D:1      | Learned a level 3 spell: Conjure Flame
  1424 | D:2      | Upgraded the game from 0.25-a0-164-gb55e97d to
                  | 0.25-a0-167-g836c352
  1519 | D:2      | HP: 1/30 [poisoned by an adder]
  1519 | D:2      | Slain by an adder

Levels and vault maps discovered:
D:1:      dpeg_arrival_orchard, layout_basic, minmay_small_reverse_x
D:2:      layout_rooms

Skill      XL: |  1  2  3 |
---------------+----------+-----
Dodging        | 2 |  2.2
Fighting       | |  0.7
Stealth        | |  3.3
Unarmed Combat | |  0.1
Spellcasting   | |  2.3
Conjurations   | |  1.1
Fire Magic     | |  3.5

Action                   || total
-------------------------++-------
Melee: Unarmed           ||    76
 Cast: Flame Tongue      ||    50
 Stab: Sleeping          ||     1
  Eat: Chunk             ||     2
Armor: Robe              ||     7
Dodge: Dodged            ||    52

Table legend:
 A = Non-vault XP
 B = Vault XP
 C = Vault XP percentage of total XP
 D = Non-vault monster count
 E = Vault monster count
 F = Vault count percentage of total count
                 A         B        C        D         E       F
            +---------+---------+-------+---------+---------+-------
      Total |      63 |      13 |  17.1 |      33 |       4 |  10.8
            +---------+---------+-------+---------+---------+-------
        D:1 |      39 |      13 |  25.0 |      22 |       4 |  15.4
        D:2 |      24 |       0 |   0.0 |      11 |       0 |   0.0
            +---------+---------+-------+---------+---------+-------
